Bruins vs MapleLeafs

Created - February 26 2007 at 19:19

Goals
1 2 3 T
Bruins 2 0 0 2
MapleLeafs 1 2 1 4
Shots
1 2 3 T
Bruins 10 6 8 23
MapleLeafs 11 8 12 31

Period #1

1. MapleLeafs , Mats Sundin 15 (Tomas Kaberle, Alexander Steen) at 8:09 (PP)
2. Bruins , P.J. Axelsson 11 (Sean Avery, Shean Donovan) at 8:45
3. Bruins , Marco Sturm 21 (Pavel Datsyuk, Rostislav Klesla) at 16:38

Penalities :
Jay McKee (BOS) for Charging (Minor) at 4:19, Jay McKee (BOS) for Cross-checking (Minor) at 6:36, Mats Sundin (TOR) for Diving (Minor) at 10:15, Manny Legace (TOR) for Slashing (Minor) at 11:12 - Henrik Zetterberg served the penalty., Sean Avery (BOS) for Interference (Minor) at 13:49, Darcy Tucker (TOR) for Kneeing (Major) at 18:31, Hal Gill (TOR) for Clipping (Minor) at 18:36

Period #2

4. MapleLeafs , Ian Laperriere 8 (Carlo Colaiacovo, Alexander Steen) at 3:39
5. MapleLeafs , Michael Peca 6 (Alexander Steen, Pavel Kubina) at 9:16 (PP)

Penalities :
Jiri Slegr (BOS) for Checking from behind (Major) at 4:21, Bryan McCabe (TOR) for Interference (Minor) at 19:47

Period #3

6. MapleLeafs , Eric Lindros 7 (Alexander Steen, Pavel Kubina) at 2:02 (PP)

Penalities :
Rostislav Klesla (BOS) for High sticking (Minor) at 1:22, Darcy Tucker (TOR) for Checking from behind (Major) at 3:06, Wayne Primeau (BOS) for Holding (Minor) at 10:55, Sean Avery (BOS) for Slashing (Minor) at 15:47, Sean Avery (BOS) for Delaying the game (Minor) at 18:06

Goalie Stats

Alexander Auld (BOS), 16 saves from 20 shots - (0.800), L, 12-12-4, 42:02 minutes
Tim Thomas (BOS), 11 saves from 11 shots - (1.000), 17:58 minutes
Manny Legace (TOR), 21 saves from 23 shots - (0.913), W, 15-17-6, 60:00 minutes

Players Stats

Bruins
Player Name              G  A  P  +/- PIM S  H  SB FO MP 
-----------------------------------------------------------
Alex Zhamnov             0  0  0   0  0   0  0  0  0  0  
Brad Boyes               0  0  0   0  0   5  3  1  1  19 
Brian Leetch             0  0  0   0  0   1  1  1  0  23 
Glen Murray              0  0  0   0  0   1  1  3  2  22 
Jay McKee                0  0  0   1  4   0  1  0  0  21 
Jiri Slegr               0  0  0   0  5   1  0  0  0  17 
Kirk Maltby              0  0  0   0  0   1  1  0  0  7  
Marco Sturm              1  0  1   0  0   3  0  1  4  15 
Mattias Norstrom         0  0  0   1  0   0  0  2  0  20 
P.J. Axelsson            1  0  1   1  0   2  0  0  0  13 
Patrice Bergeron         0  0  0   0  0   3  2  0  19 23 
Paul Mara                0  0  0   0  0   1  1  0  0  21 
Pavel Datsyuk            0  1  1   0  0   2  0  0  18 18 
Rick Nash                0  0  0   0  0   0  1  0  2  20 
Rostislav Klesla         0  1  1   0  2   1  2  1  0  20 
Sean Avery               0  1  1   1  6   2  1  0  21 14 
Shean Donovan            0  1  1   1  0   0  0  0  0  14 
Wayne Primeau            0  0  0   0  2   0  0  0  18 12 
MapleLeafs
Player Name              G  A  P  +/- PIM S  H  SB FO MP 
-----------------------------------------------------------
Aki Berg                 0  0  0   1  0   0  0  3  0  23 
Alexander Steen          0  4  4  -1  0   1  2  0  2  22 
Alexei Ponikarovsky      0  0  0   0  0   0  0  0  0  2  
Bryan McCabe             0  0  0  -2  2   1  0  0  0  13 
Carlo Colaiacovo         0  1  1   1  0   0  1  1  0  19 
Darcy Tucker             0  0  0  -1  10  1  0  0  13 13 
Eric Lindros             1  0  1   0  0   2  0  0  2  12 
Hal Gill                 0  0  0   0  2   2  0  1  0  22 
Henrik Zetterberg        0  0  0   0  0   7  0  0  2  23 
Ian Laperriere           1  0  1  -1  0   4  0  0  2  11 
Jason Allison            0  0  0   0  0   1  0  0  11 12 
Jeff O'Neill             0  0  0   0  0   0  0  0  2  9  
Kyle Wellwood            0  0  0   0  0   3  0  0  0  22 
Mats Sundin              1  0  1   0  2   3  1  0  19 21 
Michael Peca             1  0  1   0  0   2  1  0  20 15 
Nikolai Antropov         0  0  0   0  0   3  2  1  12 20 
Pavel Kubina             0  2  2   0  0   0  1  0  0  23 
Tomas Kaberle            0  1  1  -2  0   1  0  1  0  23 

3 Stars

1 - Alexander Steen (TOR)
2 - P.J. Axelsson (BOS)
3 - Mats Sundin (TOR)

Power Play

Bruins - 0 on 6 Attempt(s) - 0.00%
MapleLeafs - 3 on 7 Attempt(s) - 42.86%

Penalty Kill

Bruins - 4 on 7 Attempt(s) - 57.14% - Score 0 goal in Penalty Kill
MapleLeafs - 6 on 6 Attempt(s) - 100.00% - Score 0 goal in Penalty Kill

Game Notes

18:31 of 1st period - Penalty Shot by P.J. Axelsson for Bruins - Shot Misses the Net
Tim Thomas enters game at 2:02 of 3rd period

Finance

Level 1 -- Attendance: 3566 (59.44%) -- Ticket Income $338,770.00
Level 2 -- Attendance: 3532 (78.48%) -- Ticket Income $176,600.00
Level 3 -- Attendance: 2152 (82.18%) -- Ticket Income $64,560.00
Level 4 -- Attendance: 3731 (88.83%) -- Ticket Income $55,965.00
Luxury Box -- Attendance: 623 (41.51%) -- Ticket Income $186,900.00
Game was played at the Air Canada Center
Total Attendance: 13604 (72.29%)
Total Ticket Income: $901,472.30
Other Income: $54,388.80
Total Income: $955,861.00


Play by Play

Period #1

0:01 of 1st period - Patrice Bergeron wins face-off versus Jason Allison in neutral zone.
1:01 of 1st period - Off-side.
1:02 of 1st period - Darcy Tucker wins face-off versus Sean Avery in neutral zone.
1:12 of 1st period - Ian Laperriere is hit by Jay McKee and loses puck.
2:08 of 1st period - Shot by Michael Peca.
2:08 of 1st period - Shot Misses the Net.
2:30 of 1st period - Icing by Jay McKee.
2:31 of 1st period - Sean Avery wins face-off versus Jason Allison in Bruins zone.
3:23 of 1st period - Icing by Bryan McCabe.
3:24 of 1st period - Patrice Bergeron wins face-off versus Jason Allison in MapleLeafs zone.
3:27 of 1st period - Shot by Patrice Bergeron.
3:27 of 1st period - Stopped by Manny Legace without a rebound.
3:28 of 1st period - Darcy Tucker wins face-off versus Patrice Bergeron in MapleLeafs zone.
3:30 of 1st period - Tomas Kaberle is hit by Brad Boyes and loses puck.
3:49 of 1st period - Alexander Steen is hit by Patrice Bergeron and loses puck.
4:18 of 1st period - Carlo Colaiacovo is hit by Patrice Bergeron and loses puck.
4:19 of 1st period - Minor Penalty to Jay McKee for Charging.
4:20 of 1st period - Wayne Primeau wins face-off versus Nikolai Antropov in Bruins zone.
6:16 of 1st period - Off-side.
6:17 of 1st period - Mats Sundin wins face-off versus Marco Sturm in neutral zone.
6:33 of 1st period - P.J. Axelsson is hit by Pavel Kubina and loses puck.
6:36 of 1st period - Minor Penalty to Jay McKee for Cross-checking.
6:37 of 1st period - Pavel Datsyuk wins face-off versus Mats Sundin in MapleLeafs zone.
6:51 of 1st period - Icing by Mats Sundin.
6:52 of 1st period - Wayne Primeau wins face-off versus Eric Lindros in MapleLeafs zone.
8:09 of 1st period - Shot by Mats Sundin.
8:09 of 1st period - Goal by Mats Sundin - Bruins : 0 - MapleLeafs : 1.
8:10 of 1st period - Sean Avery wins face-off versus Darcy Tucker in neutral zone.
8:12 of 1st period - Off-side.
8:13 of 1st period - Darcy Tucker wins face-off versus Sean Avery in neutral zone.
8:13 of 1st period - Bryan McCabe is hit by Sean Avery and loses puck.
8:45 of 1st period - Shot by P.J. Axelsson.
8:45 of 1st period - Goal by P.J. Axelsson - Bruins : 1 - MapleLeafs : 1.
8:46 of 1st period - Nikolai Antropov wins face-off versus Pavel Datsyuk in neutral zone.
9:51 of 1st period - Shot by Brad Boyes.
9:51 of 1st period - Shot Misses the Net.
9:54 of 1st period - Shot by Brian Leetch.
9:54 of 1st period - Stopped by Manny Legace without a rebound.
9:55 of 1st period - Sean Avery wins face-off versus Darcy Tucker in MapleLeafs zone.
10:06 of 1st period - Shot by Ian Laperriere.
10:06 of 1st period - Stopped by Alexander Auld without a rebound.
10:07 of 1st period - Jason Allison wins face-off versus Sean Avery in Bruins zone.
10:15 of 1st period - Minor Penalty to Mats Sundin for Diving.
10:16 of 1st period - Jeff O'Neill wins face-off versus Patrice Bergeron in neutral zone.
10:37 of 1st period - Shot by Marco Sturm.
10:37 of 1st period - Stopped by Manny Legace with a rebound.
10:40 of 1st period - Shot by Patrice Bergeron.
10:40 of 1st period - Stopped by Manny Legace without a rebound.
10:41 of 1st period - Pavel Datsyuk wins face-off versus Henrik Zetterberg in MapleLeafs zone.
11:12 of 1st period - Shot by Glen Murray.
11:12 of 1st period - Stopped by Manny Legace without a rebound.
11:12 of 1st period - Minor Penalty to Manny Legace for Slashing.
11:13 of 1st period - Alexander Steen wins face-off versus Marco Sturm in MapleLeafs zone.
11:49 of 1st period - Off-side.
11:50 of 1st period - Glen Murray wins face-off versus Eric Lindros in neutral zone.
12:42 of 1st period - Icing by Paul Mara.
12:43 of 1st period - Patrice Bergeron wins face-off versus Mats Sundin in Bruins zone.
13:49 of 1st period - Minor Penalty to Sean Avery for Interference.
13:50 of 1st period - Nikolai Antropov wins face-off versus Wayne Primeau in Bruins zone.
13:51 of 1st period - Shot by Kyle Wellwood.
13:51 of 1st period - Stopped by Alexander Auld without a rebound.
13:52 of 1st period - Nikolai Antropov wins face-off versus Wayne Primeau in Bruins zone.
13:55 of 1st period - Shot by Henrik Zetterberg.
13:55 of 1st period - Stopped by Alexander Auld without a rebound.
13:56 of 1st period - Patrice Bergeron wins face-off versus Nikolai Antropov in Bruins zone.
14:21 of 1st period - Shot by Nikolai Antropov.
14:21 of 1st period - Stopped by Alexander Auld without a rebound.
14:22 of 1st period - Mats Sundin wins face-off versus Wayne Primeau in Bruins zone.
14:25 of 1st period - Shot by Alexander Steen.
14:25 of 1st period - Shot Misses the Net.
15:10 of 1st period - Shot by Henrik Zetterberg.
15:10 of 1st period - Stopped by Alexander Auld without a rebound.
15:11 of 1st period - Nikolai Antropov wins face-off versus Wayne Primeau in Bruins zone.
15:24 of 1st period - Shot by Henrik Zetterberg.
15:24 of 1st period - Stopped by Alexander Auld with a rebound.
15:29 of 1st period - Shot by Kyle Wellwood.
15:29 of 1st period - Stopped by Alexander Auld with a rebound.
15:30 of 1st period - Shot by Hal Gill.
15:30 of 1st period - Shot Misses the Net.
15:33 of 1st period - Shot by Kyle Wellwood.
15:33 of 1st period - Stopped by Alexander Auld without a rebound.
15:34 of 1st period - Pavel Datsyuk wins face-off versus Mats Sundin in Bruins zone.
16:11 of 1st period - Shot by Ian Laperriere.
16:11 of 1st period - Shot Misses the Net.
16:38 of 1st period - Shot by Marco Sturm.
16:38 of 1st period - Goal by Marco Sturm - Bruins : 2 - MapleLeafs : 1.
16:39 of 1st period - Jason Allison wins face-off versus Patrice Bergeron in neutral zone.
17:03 of 1st period - Jason Allison is hit by Brian Leetch and loses puck.
17:43 of 1st period - Shot by Pavel Datsyuk.
17:43 of 1st period - Shot Misses the Net.
17:44 of 1st period - Shot by Marco Sturm.
17:44 of 1st period - Stopped by Manny Legace without a rebound.
17:45 of 1st period - Mats Sundin wins face-off versus Sean Avery in MapleLeafs zone.
17:54 of 1st period - Shot by Mats Sundin.
17:54 of 1st period - Stopped by Alexander Auld with a rebound.
17:59 of 1st period - Shot by Eric Lindros.
17:59 of 1st period - Shot Misses the Net.
18:02 of 1st period - Shot by Jeff O'Neill.
18:02 of 1st period - Stopped by Alexander Auld without a rebound.
18:03 of 1st period - Pavel Datsyuk wins face-off versus Michael Peca in Bruins zone.
18:26 of 1st period - Shot by Pavel Datsyuk.
18:26 of 1st period - Shot Misses the Net.
18:29 of 1st period - Shot by Marco Sturm.
18:29 of 1st period - Shot Misses the Net.
18:30 of 1st period - Shot by Paul Mara.
18:30 of 1st period - Stopped by Manny Legace without a rebound.
18:31 of 1st period - Sean Avery wins face-off versus Ian Laperriere in MapleLeafs zone.
18:31 of 1st period - Major Penalty to Darcy Tucker for Kneeing.
18:31 of 1st period - Penalty Shot by P.J. Axelsson for Bruins.
18:31 of 1st period - Shot Misses the Net.
18:32 of 1st period - Sean Avery wins face-off versus Darcy Tucker in MapleLeafs zone.
18:36 of 1st period - Minor Penalty to Hal Gill for Clipping.
18:37 of 1st period - Mats Sundin wins face-off versus Patrice Bergeron in MapleLeafs zone.
18:41 of 1st period - Off-side.
18:42 of 1st period - Michael Peca wins face-off versus Pavel Datsyuk in neutral zone.

Period #2

0:01 of 2nd period - Pavel Datsyuk wins face-off versus Michael Peca in neutral zone.
0:05 of 2nd period - Off-side.
0:06 of 2nd period - Patrice Bergeron wins face-off versus Mats Sundin in neutral zone.
0:43 of 2nd period - Shot by P.J. Axelsson.
0:43 of 2nd period - Stopped by Manny Legace without a rebound.
0:44 of 2nd period - Jason Allison wins face-off versus Wayne Primeau in MapleLeafs zone.
0:53 of 2nd period - Shot by Kyle Wellwood.
0:53 of 2nd period - Shot Misses the Net.
0:58 of 2nd period - Shot by Glen Murray.
0:58 of 2nd period - Shot Misses the Net.
1:01 of 2nd period - Shot by Brian Leetch.
1:01 of 2nd period - Shot Misses the Net.
1:06 of 2nd period - Shot by Glen Murray.
1:06 of 2nd period - Stopped by Manny Legace without a rebound.
1:07 of 2nd period - Sean Avery wins face-off versus Darcy Tucker in MapleLeafs zone.
1:18 of 2nd period - Shot by P.J. Axelsson.
1:18 of 2nd period - Stopped by Manny Legace without a rebound.
1:19 of 2nd period - Michael Peca wins face-off versus Patrice Bergeron in MapleLeafs zone.
1:31 of 2nd period - Icing by Tomas Kaberle.
1:32 of 2nd period - Michael Peca wins face-off versus Sean Avery in MapleLeafs zone.
2:00 of 2nd period - Icing by Mattias Norstrom.
2:01 of 2nd period - Mats Sundin wins face-off versus Sean Avery in Bruins zone.
3:25 of 2nd period - Off-side.
3:26 of 2nd period - Pavel Datsyuk wins face-off versus Ian Laperriere in neutral zone.
3:31 of 2nd period - Shot by Glen Murray.
3:31 of 2nd period - Shot Misses the Net.
3:36 of 2nd period - Shot by Ian Laperriere.
3:36 of 2nd period - Shot Misses the Net.
3:39 of 2nd period - Shot by Ian Laperriere.
3:39 of 2nd period - Goal by Ian Laperriere - Bruins : 2 - MapleLeafs : 2.
3:40 of 2nd period - Mats Sundin wins face-off versus Wayne Primeau in neutral zone.
4:07 of 2nd period - Shot by Glen Murray.
4:07 of 2nd period - Stopped by Manny Legace with a rebound.
4:21 of 2nd period - Major Penalty to Jiri Slegr for Checking from behind.
4:22 of 2nd period - Nikolai Antropov wins face-off versus Wayne Primeau in MapleLeafs zone.
8:23 of 2nd period - Shot by Mats Sundin.
8:23 of 2nd period - Shot Misses the Net.
8:24 of 2nd period - Shot by Pavel Kubina.
8:24 of 2nd period - Shot Misses the Net.
8:25 of 2nd period - Shot by Eric Lindros.
8:25 of 2nd period - Shot Misses the Net.
8:28 of 2nd period - Shot by Mats Sundin.
8:28 of 2nd period - Stopped by Alexander Auld without a rebound.
8:29 of 2nd period - Nikolai Antropov wins face-off versus Rick Nash in Bruins zone.
9:16 of 2nd period - Shot by Michael Peca.
9:16 of 2nd period - Goal by Michael Peca - Bruins : 2 - MapleLeafs : 3.
9:17 of 2nd period - Mats Sundin wins face-off versus Wayne Primeau in neutral zone.
9:20 of 2nd period - Shot by Eric Lindros.
9:20 of 2nd period - Shot Misses the Net.
9:26 of 2nd period - Alexander Steen is hit by Brad Boyes and loses puck.
10:07 of 2nd period - Off-side.
10:08 of 2nd period - Sean Avery wins face-off versus Michael Peca in neutral zone.
10:40 of 2nd period - Off-side.
10:41 of 2nd period - Patrice Bergeron wins face-off versus Darcy Tucker in neutral zone.
10:53 of 2nd period - Icing by Pavel Kubina.
10:54 of 2nd period - Darcy Tucker wins face-off versus Wayne Primeau in MapleLeafs zone.
11:13 of 2nd period - Shot by Kirk Maltby.
11:13 of 2nd period - Shot Misses the Net.
11:30 of 2nd period - Shot by Nikolai Antropov.
11:30 of 2nd period - Stopped by Alexander Auld with a rebound.
11:32 of 2nd period - Icing by Jiri Slegr.
11:33 of 2nd period - Mats Sundin wins face-off versus Wayne Primeau in Bruins zone.
13:52 of 2nd period - Shot by Michael Peca.
13:52 of 2nd period - Shot Blocked by Glen Murray.
13:53 of 2nd period - Shot by Carlo Colaiacovo.
13:53 of 2nd period - Shot Blocked by Glen Murray.
13:57 of 2nd period - Icing by Pavel Datsyuk.
13:58 of 2nd period - Wayne Primeau wins face-off versus Darcy Tucker in Bruins zone.
14:36 of 2nd period - Icing by Sean Avery.
14:37 of 2nd period - Michael Peca wins face-off versus Sean Avery in Bruins zone.
14:48 of 2nd period - Shot by Michael Peca.
14:48 of 2nd period - Stopped by Alexander Auld without a rebound.
14:49 of 2nd period - Brad Boyes wins face-off versus Mats Sundin in Bruins zone.
15:19 of 2nd period - Icing by Michael Peca.
15:20 of 2nd period - Mats Sundin wins face-off versus Pavel Datsyuk in MapleLeafs zone.
15:35 of 2nd period - Shot by Pavel Datsyuk.
15:35 of 2nd period - Shot Misses the Net.
15:40 of 2nd period - Shot by Ian Laperriere.
15:40 of 2nd period - Shot Misses the Net.
15:43 of 2nd period - Shot by Darcy Tucker.
15:43 of 2nd period - Shot Misses the Net.
15:44 of 2nd period - Shot by Aki Berg.
15:44 of 2nd period - Shot Blocked by Marco Sturm.
15:45 of 2nd period - Shot by Tomas Kaberle.
15:45 of 2nd period - Stopped by Alexander Auld without a rebound.
15:46 of 2nd period - Patrice Bergeron wins face-off versus Jason Allison in Bruins zone.
16:38 of 2nd period - P.J. Axelsson is hit by Alexander Steen and loses puck.
17:07 of 2nd period - Off-side.
17:08 of 2nd period - Michael Peca wins face-off versus Wayne Primeau in neutral zone.
17:10 of 2nd period - Kyle Wellwood is hit by Kirk Maltby and loses puck.
17:25 of 2nd period - Wayne Primeau is hit by Nikolai Antropov and loses puck.
17:48 of 2nd period - Michael Peca is hit by Paul Mara and loses puck.
18:06 of 2nd period - Shot by Brad Boyes.
18:06 of 2nd period - Stopped by Manny Legace without a rebound.
18:07 of 2nd period - Sean Avery wins face-off versus Darcy Tucker in MapleLeafs zone.
18:30 of 2nd period - Shot by Ian Laperriere.
18:30 of 2nd period - Stopped by Alexander Auld without a rebound.
18:31 of 2nd period - Jason Allison wins face-off versus Pavel Datsyuk in Bruins zone.
18:52 of 2nd period - Shot by Pavel Datsyuk.
18:52 of 2nd period - Stopped by Manny Legace with a rebound.
18:58 of 2nd period - Glen Murray is hit by Mats Sundin and loses puck.
19:09 of 2nd period - Henrik Zetterberg is hit by Rick Nash and loses puck.
19:32 of 2nd period - Ian Laperriere is hit by Brad Boyes and loses puck.
19:40 of 2nd period - Shot by Ian Laperriere.
19:40 of 2nd period - Stopped by Alexander Auld without a rebound.
19:41 of 2nd period - Sean Avery wins face-off versus Michael Peca in Bruins zone.
19:47 of 2nd period - Minor Penalty to Bryan McCabe for Interference.
19:48 of 2nd period - Michael Peca wins face-off versus Patrice Bergeron in MapleLeafs zone.

Period #3

0:01 of 3rd period - Pavel Datsyuk wins face-off versus Michael Peca in neutral zone.
1:08 of 3rd period - Shot by Brad Boyes.
1:08 of 3rd period - Stopped by Manny Legace with a rebound.
1:09 of 3rd period - Shot by Brad Boyes.
1:09 of 3rd period - Stopped by Manny Legace with a rebound.
1:10 of 3rd period - Shot by Rostislav Klesla.
1:10 of 3rd period - Shot Blocked by Hal Gill.
1:15 of 3rd period - Shot by Brad Boyes.
1:15 of 3rd period - Stopped by Manny Legace with a rebound.
1:18 of 3rd period - Shot by Patrice Bergeron.
1:18 of 3rd period - Shot Misses the Net.
1:22 of 3rd period - Minor Penalty to Rostislav Klesla for High sticking.
1:23 of 3rd period - Jason Allison wins face-off versus Pavel Datsyuk in MapleLeafs zone.
2:02 of 3rd period - Shot by Eric Lindros.
2:02 of 3rd period - Goal by Eric Lindros - Bruins : 2 - MapleLeafs : 4.
2:02 of 3rd period - Tim Thomas enters game.
2:03 of 3rd period - Sean Avery wins face-off versus Michael Peca in neutral zone.
3:06 of 3rd period - Shot by Glen Murray.
3:06 of 3rd period - Shot Misses the Net.
3:06 of 3rd period - Major Penalty to Darcy Tucker for Checking from behind.
3:07 of 3rd period - Henrik Zetterberg wins face-off versus Patrice Bergeron in MapleLeafs zone.
3:44 of 3rd period - Shot by Patrice Bergeron.
3:44 of 3rd period - Shot Misses the Net.
3:45 of 3rd period - Shot by Marco Sturm.
3:45 of 3rd period - Shot Misses the Net.
4:19 of 3rd period - Icing by Glen Murray.
4:20 of 3rd period - Pavel Datsyuk wins face-off versus Michael Peca in Bruins zone.
4:41 of 3rd period - Shot by Brad Boyes.
4:41 of 3rd period - Shot Blocked by Aki Berg.
4:42 of 3rd period - Shot by Paul Mara.
4:42 of 3rd period - Shot Blocked by Aki Berg.
4:47 of 3rd period - Shot by Patrice Bergeron.
4:47 of 3rd period - Stopped by Manny Legace with a rebound.
4:50 of 3rd period - Shot by Patrice Bergeron.
4:50 of 3rd period - Shot Misses the Net.
4:53 of 3rd period - Shot by Brad Boyes.
4:53 of 3rd period - Shot Blocked by Aki Berg.
4:58 of 3rd period - Shot by Patrice Bergeron.
4:58 of 3rd period - Shot Misses the Net.
4:59 of 3rd period - Shot by Rostislav Klesla.
4:59 of 3rd period - Stopped by Manny Legace without a rebound.
5:00 of 3rd period - Michael Peca wins face-off versus Pavel Datsyuk in MapleLeafs zone.
5:24 of 3rd period - Icing by Jay McKee.
5:25 of 3rd period - Pavel Datsyuk wins face-off versus Mats Sundin in Bruins zone.
6:10 of 3rd period - Shot by Brad Boyes.
6:10 of 3rd period - Stopped by Manny Legace without a rebound.
6:11 of 3rd period - Pavel Datsyuk wins face-off versus Michael Peca in MapleLeafs zone.
6:24 of 3rd period - Shot by Pavel Datsyuk.
6:24 of 3rd period - Shot Hit the Post.
6:27 of 3rd period - Shot by Kirk Maltby.
6:27 of 3rd period - Shot Misses the Net.
6:32 of 3rd period - Shot by Glen Murray.
6:32 of 3rd period - Shot Blocked by Tomas Kaberle.
6:35 of 3rd period - Shot by Glen Murray.
6:35 of 3rd period - Shot Misses the Net.
6:40 of 3rd period - Shot by Glen Murray.
6:40 of 3rd period - Shot Hit the Post.
7:01 of 3rd period - Shot by Marco Sturm.
7:01 of 3rd period - Shot Blocked by Nikolai Antropov.
7:23 of 3rd period - Icing by Brian Leetch.
7:24 of 3rd period - Glen Murray wins face-off versus Alexander Steen in Bruins zone.
8:08 of 3rd period - Off-side.
8:09 of 3rd period - Sean Avery wins face-off versus Darcy Tucker in neutral zone.
8:09 of 3rd period - Mattias Norstrom is hit by Alexander Steen and loses puck.
8:32 of 3rd period - Off-side.
8:33 of 3rd period - Wayne Primeau wins face-off versus Michael Peca in neutral zone.
8:35 of 3rd period - Pavel Datsyuk is hit by Michael Peca and loses puck.
8:40 of 3rd period - Icing by Nikolai Antropov.
8:41 of 3rd period - Wayne Primeau wins face-off versus Michael Peca in MapleLeafs zone.
9:02 of 3rd period - Shot by Brian Leetch.
9:02 of 3rd period - Shot Blocked by Carlo Colaiacovo.
9:03 of 3rd period - Shot by Jiri Slegr.
9:03 of 3rd period - Stopped by Manny Legace without a rebound.
9:04 of 3rd period - Jason Allison wins face-off versus Sean Avery in MapleLeafs zone.
9:29 of 3rd period - Shot by Henrik Zetterberg.
9:29 of 3rd period - Stopped by Tim Thomas without a rebound.
9:30 of 3rd period - Mats Sundin wins face-off versus Patrice Bergeron in Bruins zone.
9:59 of 3rd period - Shot by Alexander Steen.
9:59 of 3rd period - Shot Hit the Post.
10:14 of 3rd period - Shot by Henrik Zetterberg.
10:14 of 3rd period - Shot Misses the Net.
10:24 of 3rd period - Kyle Wellwood is hit by Rostislav Klesla and loses puck.
10:28 of 3rd period - Shot by Kyle Wellwood.
10:28 of 3rd period - Shot Misses the Net.
10:31 of 3rd period - Shot by Jason Allison.
10:31 of 3rd period - Shot Blocked by Brad Boyes.
10:34 of 3rd period - Shot by Henrik Zetterberg.
10:34 of 3rd period - Stopped by Tim Thomas without a rebound.
10:35 of 3rd period - Michael Peca wins face-off versus Wayne Primeau in Bruins zone.
10:55 of 3rd period - Minor Penalty to Wayne Primeau for Holding.
10:56 of 3rd period - Mats Sundin wins face-off versus Pavel Datsyuk in neutral zone.
11:25 of 3rd period - Shot by Eric Lindros.
11:25 of 3rd period - Stopped by Tim Thomas without a rebound.
11:26 of 3rd period - Marco Sturm wins face-off versus Nikolai Antropov in Bruins zone.
11:43 of 3rd period - Shot by Kyle Wellwood.
11:43 of 3rd period - Shot Misses the Net.
11:46 of 3rd period - Shot by Kyle Wellwood.
11:46 of 3rd period - Shot Misses the Net.
11:49 of 3rd period - Shot by Henrik Zetterberg.
11:49 of 3rd period - Stopped by Tim Thomas without a rebound.
11:50 of 3rd period - Jeff O'Neill wins face-off versus Marco Sturm in Bruins zone.
12:53 of 3rd period - Shot by Henrik Zetterberg.
12:53 of 3rd period - Shot Blocked by Rostislav Klesla.
12:54 of 3rd period - Shot by Nikolai Antropov.
12:54 of 3rd period - Stopped by Tim Thomas without a rebound.
12:55 of 3rd period - Sean Avery wins face-off versus Darcy Tucker in Bruins zone.
13:07 of 3rd period - Mats Sundin is hit by Rostislav Klesla and loses puck.
13:21 of 3rd period - Shot by Darcy Tucker.
13:21 of 3rd period - Stopped by Tim Thomas with a rebound.
13:22 of 3rd period - Shot by Bryan McCabe.
13:22 of 3rd period - Stopped by Tim Thomas without a rebound.
13:23 of 3rd period - Patrice Bergeron wins face-off versus Michael Peca in Bruins zone.
13:29 of 3rd period - Rick Nash is hit by Nikolai Antropov and loses puck.
13:52 of 3rd period - Patrice Bergeron is hit by Carlo Colaiacovo and loses puck.
14:41 of 3rd period - Icing by Glen Murray.
14:42 of 3rd period - Jason Allison wins face-off versus Pavel Datsyuk in Bruins zone.
14:50 of 3rd period - Henrik Zetterberg is hit by Glen Murray and loses puck.
15:47 of 3rd period - Minor Penalty to Sean Avery for Slashing.
15:48 of 3rd period - Patrice Bergeron wins face-off versus Nikolai Antropov in Bruins zone.
17:55 of 3rd period - Shot by Sean Avery.
17:55 of 3rd period - Stopped by Manny Legace with a rebound.
17:57 of 3rd period - Icing by Carlo Colaiacovo.
17:58 of 3rd period - Michael Peca wins face-off versus Sean Avery in MapleLeafs zone.
18:06 of 3rd period - Minor Penalty to Sean Avery for Delaying the game.
18:07 of 3rd period - Nikolai Antropov wins face-off versus Patrice Bergeron in Bruins zone.
18:08 of 3rd period - Shot by Henrik Zetterberg.
18:08 of 3rd period - Shot Blocked by Glen Murray.
18:09 of 3rd period - Shot by Hal Gill.
18:09 of 3rd period - Shot Blocked by Mattias Norstrom.
18:10 of 3rd period - Shot by Hal Gill.
18:10 of 3rd period - Shot Blocked by Mattias Norstrom.
18:11 of 3rd period - Shot by Henrik Zetterberg.
18:11 of 3rd period - Shot Misses the Net.
18:12 of 3rd period - Shot by Hal Gill.
18:12 of 3rd period - Stopped by Tim Thomas with a rebound.
18:13 of 3rd period - Shot by Hal Gill.
18:13 of 3rd period - Stopped by Tim Thomas without a rebound.
18:14 of 3rd period - Wayne Primeau wins face-off versus Nikolai Antropov in Bruins zone.
18:35 of 3rd period - Shot by Henrik Zetterberg.
18:35 of 3rd period - Stopped by Tim Thomas without a rebound.
18:36 of 3rd period - Mats Sundin wins face-off versus Rick Nash in Bruins zone.
18:39 of 3rd period - Shot by Henrik Zetterberg.
18:39 of 3rd period - Stopped by Tim Thomas without a rebound.
18:40 of 3rd period - Mats Sundin wins face-off versus Patrice Bergeron in Bruins zone.
18:41 of 3rd period - Shot by Kyle Wellwood.
18:41 of 3rd period - Shot Blocked by Brian Leetch.


Output by the SimonT Hockey Simulator (STHS) for Stephane Roy -- Original Page W3C XHTML 1.0 Valid